 Dungeon Crawl Stone Soup version 0.30-a0-170-g85af917532 (webtiles) character file.

Game seed: 9006619991429884685

65 Flugkiller the Trooper (level 3, -7/30 HPs)
             Began as a Mummy Berserker on Sept 30, 2022.
             Was a Believer of Trog.
             Killed by divine providence
             ... invoked by an orc priest
              (16 damage)
             ... on level 3 of the Dungeon.
             The game lasted 00:01:13 (1892 turns).

Flugkiller the Trooper (Mummy Berserker)            Turns: 1892, Time: 00:01:14

Health: -7/30      AC:  9    Str: 20    XL:     3   Next: 94%
Magic:  3/3        EV:  8    Int:  6    God:    Trog [**....]
Gold:   81         SH:  0    Dex: 13    Spells: 2/2 levels left

rFire   x . .      SeeInvis .    a - +0 hand axe
rCold   + . .      Faith    +    (no shield)
rNeg    + + +      Spirit   .    e - +0 chain mail
rPois   ∞          Reflect  .    (no helmet)
rElec   .          Harm     .    i - +0 cloak
rCorr   .          Rampage  .    (no gloves)
Will    ++...                    (no boots)
Stlth   ..........               (no amulet)
HPRegen 1.10/turn                (no ring)
MPRegen 0.08/turn                (no ring)

@: strong-willed, regenerating
A: cold resistance 1, negative energy resistance 3, torment resistance 2, heat
vulnerability 1, in touch with death 1, no potions, faith
a: Renounce Religion, Trog's Hand


You were on level 3 of the Dungeon.
You worshipped Trog.
Trog was pleased with you.
You visited 1 branch of the dungeon, and saw 3 of its levels.

You collected 81 gold pieces.

Inventory:

Hand Weapons
 a - a +0 hand axe (weapon)
Armour
 b - a +0 animal skin
 e - a +0 chain mail (worn)
   (You found it on level 1 of the Dungeon)
 i - a +0 cloak (worn)
   (You found it on level 2 of the Dungeon)
Scrolls
 c - a scroll of amnesia {unknown}
 f - a scroll of acquirement {unknown}
 g - a scroll of enchant armour {unknown}
 h - a scroll of butterflies {unknown}
 j - a scroll of silence {unknown}
 t - a scroll of teleportation


   Skills:
 + Level 3.7 Fighting
 * Level 3.5 Axes
 - Level 1.5 Armour
 - Level 1.5 Dodging


You had 2 spell levels left.
You didn't know any spells.
Your spell library was empty.

Dungeon Overview and Level Annotations

Branches:
Dungeon (2/15) Zot: 16086

Altars:


Innate Abilities, Weirdness & Mutations

You are immune to poison.
Your flesh is cold resistant. (rC+)
You are immune to negative energy. (rN+++)
You are immune to unholy pain and torment.
You are vulnerable to heat. (rF-)
You are in touch with the powers of death.
You do not drink.
You have a special connection with the divine. (Faith)


Message History

The orc shouts!
You hit the orc wizard but do no damage.
The bat hits you. The bat hits you but does no damage.
You hit the orc wizard but do no damage.
You hit the bat but do no damage. The bat closely misses you.
The bat barely misses you.
The orc wizard casts a spell.
The orc wizard flickers and vanishes!
You barely miss the bat. You hit something.
The bat hits you but does no damage. x2
You hear some strange, mumbled words.
You are confused.
The bat barely misses you. Something hits you but does no damage.
You are too confused!
You are too confused!
You are too confused!
You are too confused!
You are too confused!
You are too confused!
Unknown command.
Something hits you but does no damage. The bat attacks as you move away!
The bat barely misses you.
Found a smoky purple potion.
The bat barely misses you.
The orc priest looks encouraged for a moment.
Something hits you but does no damage. Something hits you.
You hear some strange, mumbled words.
You are more confused.
The orc closely misses you.
You can't drink.
Unknown command.
Something hits you but does no damage. The orc barely misses you.
You bump into the rock wall.
Something hits you. The orc hits you with a +0 whip. The orc barely misses you.
You are too confused!
Unknown command.
The orc attacks as you move away! The orc hits you with a +0 hand axe.
Something hits you but does no damage.
The orc priest hits you with a +0 dagger.
The orc barely misses you.
Okay, then.
You slash the orc!
You kill the orc!
Trog accepts your kill.
You miss something. You closely miss something.
You hit the orc priest but do no damage.
You barely miss the orc. The bat hits you but does no damage.
Something hits you but does no damage. The orc priest barely misses you.
The orc hits you with a +0 hand axe.
You hear some strange, mumbled words.
A puff of flame appears from out of thin air!
The puff of flame hits you. The fire burns you terribly!
You barely miss the orc. You hit the bat. You hit something but do no damage.
You closely miss something. You barely miss the orc priest.
The bat hits you but does no damage. Something hits you but does no damage.
The orc priest hits you but does no damage.
Something completely misses you. The orc barely misses you.
You closely miss something. You hit the orc. You hit the bat but do no damage.
You closely miss something.
You hit the orc priest but do no damage.
The bat barely misses you. Something hits you but does no damage.
The orc priest hits you but does no damage.
You hear some strange, mumbled words.
A magic dart appears from out of thin air!
The magic dart hits you but does no damage.
The orc hits you with a +0 hand axe.
* * * LOW HITPOINT WARNING * * *
You hit the orc.
The orc is heavily wounded.
You closely miss something. You barely miss the orc priest.
You barely miss the bat. You hit something.
The bat hits you but does no damage. Something hits you but does no damage.
The orc priest closely misses you. Something hits you.
* * * LOW HITPOINT WARNING * * *
The orc hits you but does no damage. The bat hits you but does no damage.
You hear some strange, mumbled words.
Something tries to affect you, but you resist.
The orc priest looks encouraged for a moment.
You hear some strange, mumbled words.
Something tries to affect you, but you resist.
You barely miss the orc.
The orc is heavily wounded.
The bat hits you.
* * * LOW HITPOINT WARNING * * *
You hear some strange, mumbled words.
Something tries to affect you, but you resist.
The orc hits you but does no damage. The bat hits you but does no damage.
You feel less confused. The bat hits you but does no damage.
Your skin crawls.
You feel strong-willed.
You barely miss the orc priest. You barely miss the orc. You hit something.
The orc priest hits you but does no damage.
Something hits you but does no damage. The orc hits you but does no damage.
You barely miss the orc priest. You closely miss something.
You closely miss the orc.
The orc priest invokes the aid of Beogh against you.
Beogh smites you!
Ouch! That really hurt!
You die...

####### ####.....#
#........# #.#.#.#..##
####### #.........
#.....# #.#.#.#..
#####.#.#.# #.......#
.........##
#.#.#.#@#####.#.#.#..#
.....!{oo)...........#
.......b........###..#
....................##
.........?......#####
......#.##.######
............
.........#.#.
............#


You could see an orc priest, an orc and a bat.

Vanquished Creatures
  2 adders (D:2)
  2 worms (D:2)
  2 dart slugs (D:1)
  An orc (D:3)
  3 ball pythons (D:1)
  6 endoplasms
  2 giant cockroaches (D:1)
  3 goblins
  4 hobgoblins
  3 bats
  3 frilled lizards
  A kobold (D:2)
  4 rats
36 creatures vanquished.

Notes
Turn   | Place    | Note
-------+----------+-------------------------------------------
     0 | D:1      | Flugkiller the Mummy Berserker began the quest for the Orb.
     0 | D:1      | Reached XP level 1. HP: 18/18 MP: 1/1
   256 | D:1      | Reached XP level 2. HP: 18/24 MP: 2/2
   716 | D:1      | Found a faded altar of an unknown god.
   839 | D:1      | Reached ** piety under Trog
  1186 | D:2      | Gained mutation: You are in touch with the powers of death.
                  | [Mummy growth]
  1186 | D:2      | Reached XP level 3. HP: 24/29 MP: 3/3
  1861 | D:2      | You fall into a shaft and drop 1 floor!
  1892 | D:3      | Killed from afar by an orc priest

Illustrated notes

Levels and vault maps discovered:
D:1:      dpeg_arrival_brainrot, layout_basic, ebering_ecumenical_altar_box
D:2:      layout_basic, serial_curves, eino_curves_04, eino_curves_02,
          kennysheep_generic_room_5
D:3:      wander_river, layout_rooms, serial_glass, glass_columns_c,
          glass_columns_a, glass_columns_c, glass_columns_a, glass_columns_a,
          glass_columns_a, glass_columns_a, glass_columns_a, glass_columns_b,
          glass_columns_c, portal_sewer_entry_d

Skill      XL: |  1  2 |
---------------+-------+-----
Axes           | 3 |  3.5
Fighting       | |  3.7
Armour         | |  1.5
Dodging        | |  1.5

Action                   || total
-------------------------++-------
Melee: Hand axe          ||   140
Invok: Trog's Hand       ||     1
  Use: Scroll            ||     1
Armor: Animal skin       ||    10
       Chain mail        ||    68
Dodge: Dodged            ||    85

Table legend: (Time is in decaauts)
 A = Elapsed time spent in this place.
 B = Non-inter-level travel time spent in this place.
 C = Inter-level travel time spent in this place.
 D = Time resting spent in this place.
 E = Time spent auto-exploring this place.
 F = Levels seen in this place.
 G = Mean time per level.
                   A        B        C        D        E       F      G
               +--------+--------+--------+--------+--------+-----+--------+
         Total |   1912 |   1853 |     59 |    695 |    797 |   3 |  637.3 |
       Dungeon |   1912 |   1853 |     59 |    695 |    797 |   3 |  637.3 |
               +--------+--------+--------+--------+--------+-----+--------+

Top non-repeatable levels by time:
     D:1: 1303 daAuts
     D:2: 576 daAuts
     D:3: 32 daAuts
